 Dungeon Crawl Stone Soup version 0.27.1-1-g398f81649c (webtiles) character file.

Game seed: 13228362934177311086

1912 ZARRMARR the Sneak (level 9, -18/61 HPs)
             Began as an Octopode Conjurer on Sept 8, 2021.
             Was an Initiate of Sif Muna.
             Hit by a large rock thrown by a cyclops (31 damage)
             ... on level 6 of the Dungeon.
             The game lasted 00:23:07 (6938 turns).

ZARRMARR the Sneak (Octopode Conjurer)              Turns: 6938, Time: 00:23:08

Health: -18/61     AC:  1    Str:  6    XL:     9   Next: 16%
Magic:  1/16       EV: 14    Int: 24    God:    Sif Muna [......]
Gold:   219        SH:  0    Dex: 10    Spells: 15/18 levels left

rFire    . . .     SeeInvis .   (no weapon)
rCold    + . .     Faith    .   (no shield)
rNeg     + . .     Spirit   .   (helmet restricted)
rPois    .         Reflect  .   (no amulet)
rElec    .         Harm     .   b - ring of positive energy
rCorr    .         Rampage  .   i - ring of protection from cold
Will     .....                  (no ring)
Stlth    ++++......             (no ring)
HPRegen  0.20/turn              (no ring)
MPRegen  0.15/turn              (no ring)
                                (no ring)
                                (no ring)

@: no status effects
A: almost no armour, amphibious, 8 rings, camouflage 1, gelatinous body 1,
(nimble swimmer 1), tentacles
a: Renounce Religion


You were on level 6 of the Dungeon.
You worshipped Sif Muna.
Sif Muna was noncommittal.
You visited 2 branches of the dungeon, and saw 7 of its levels.

You collected 219 gold pieces.

Inventory:

Missiles
 k - a throwing net
Jewellery
 b - a ring of positive energy (left tentacle)
 i - a ring of protection from cold (right tentacle)
Scrolls
 c - a scroll of fog
 d - 2 scrolls of magic mapping
 g - 2 scrolls of teleportation
 h - a scroll of vulnerability
 j - 2 scrolls of fear
 l - a scroll of amnesia {unknown}
 m - 2 scrolls of enchant armour {unknown}
Potions
 a - 2 potions of might {unknown}
 e - a potion of curing
 f - a potion of heal wounds {unknown}
 n - a potion of degeneration {unknown}
 o - a potion of flight {unknown}


   Skills:
 + Level 5.0 Fighting
 + Level 5.4 Dodging
 + Level 7.9 Stealth
 + Level 5.1 Spellcasting
 + Level 6.5 Conjurations


You had 15 spell levels left.
You knew the following spells:

 Your Spells              Type           Power      Damage    Failure   Level
a - Magic Dart            Conj           100%       1d8       1%          1
b - Searing Ray           Conj           74%        3d6       1%          2

Your spell library contained the following spells:

 Spells                   Type           Power      Damage    Failure   Level
 Conjure Flame            Conj/Fire      21%        6-21      7%          3
 Dazzling Flash           Conj/Hex       42%        N/A       7%          3
 Fulminant Prism          Conj/Hex       10%        3d9       22%         4
 Iskenderun's Mystic Bla  Conj/Tloc      21%        2d6       22%         4
 Sticky Flame             Conj/Fire      21%        2d4       22%         4
 Ignite Poison            Fire/Tmut/Pois 6%         N/A       26%         3


Dungeon Overview and Level Annotations

Branches:
Dungeon (6/15)             Temple (1/1) D:6

Altars:
Ashenzari
Cheibriados
Dithmenos
Elyvilon
Gozag
Hepliaklqana
Kikubaaqudgha
Makhleb
Nemelex Xobeh
Okawaru
Qazlal
Ru
Sif Muna
Trog
Uskayaw
Vehumet
Wu Jian
Xom
Yredelemnul
Zin


Innate Abilities, Weirdness & Mutations

You cannot wear most types of armour.
You are amphibious.
You can wear up to eight rings at the same time.
Your skin changes colour to match your surroundings (Stealth+).
Your rubbery body absorbs attacks. (AC +1, EV +1)
((You are camouflaged near water. (Stealth+)))
You have tentacles for arms and can constrict up to eight enemies at once.


Message History

The cyclops is moderately wounded.
You finish channeling your searing ray.
Your Fighting skill increases to level 5!
Casting: Searing Ray (safe; 1% risk of failure)
Confirm with . or Enter, or press ? or * to list all spells.
Aiming: Searing Ray (safe; 1% risk of failure)
Press: ? - help, Shift-Dir - straight line, f/p - cyclops
Aim: a cyclops, quivering large rocks (moderately wounded, 98% to hit)
The searing ray hits the cyclops!
The cyclops is heavily wounded. (Press . to maintain the ray.) Unknown command.
The searing ray hits the cyclops!
The cyclops is heavily wounded.
Unknown command.
The searing ray misses the cyclops.
An ice beast comes into view.
The cyclops barely misses you.
Unknown command.
The searing ray hits the cyclops!
The cyclops is severely wounded.
You finish channeling your searing ray.
Casting: Searing Ray (safe; 1% risk of failure)
Confirm with . or Enter, or press ? or * to list all spells.
Aiming: Searing Ray (safe; 1% risk of failure)
Press: ? - help, Shift-Dir - straight line, f/p - cyclops
Aim: a cyclops, quivering large rocks (severely wounded, 98% to hit)
The searing ray hits the cyclops!
The cyclops is almost dead. (Press . to maintain the ray.)
The cyclops hits you!!
You aren't carrying any items that you can evoke.
Unknown command.
Unknown command.
The cyclops throws a large rock.
The large rock closely misses you.
The cyclops throws a large rock.
The large rock hits you!!
* * * LOW HITPOINT WARNING * * *
The cyclops throws a large rock.
The large rock hits you!!
Ouch! That really hurt!
You die...

.).Y>..(# #Y# #..
#C# #..# #.. #.#
#.#..###..#### #.#
#............# #.#
...........#.# #.#
###..##......# #.#
###..##......###@#
.##..............#
....#........#####
..##.........#
..###......#.#
..####...#.#.#
.........#.#..
.###....##.###.
####.#####.# .#


You could see a cyclops and an ice beast.

Vanquished Creatures
  Pikel (D:5)
  Sigmund (D:2)
  Menkaure (D:5)
  2 sky beasts
  A black bear (D:6)
  An ogre (D:5)
  A centaur (D:5)
  2 lemures (D:5)
  A water moccasin skeleton (D:5)
  A bullfrog zombie (D:6)
  3 hounds (D:5)
  A centaur skeleton (D:6)
  A jelly (D:4)
  Crazy Yiuf (D:5)
  An orc priest (D:3)
  Jessica (D:3)
  Terence (D:3)
  3 iguanas
  2 orc wizards
  A killer bee zombie (D:4)
  7 gnolls
  9 adders
  A shadow imp (D:3)
  An ufetubus (D:4)
  A worm (D:2)
  3 dart slugs
  10 orcs
  4 endoplasms
  5 giant cockroaches
  8 goblins
  8 hobgoblins
  4 jackals (D:5)
  4 quokkas
  5 ball pythons
  2 bats (D:3)
  2 frilled lizards
  12 kobolds
  5 rats
118 creatures vanquished.

Notes
Turn   | Place    | Note
-------+----------+-------------------------------------------
     0 | D:1      | ZARRMARR the Octopode Conjurer began the quest for the Orb.
     0 | D:1      | Reached XP level 1. HP: 11/11 MP: 3/3
   305 | D:1      | Reached XP level 2. HP: 18/18 MP: 0/5
   329 | D:1      | Reached skill level 3 in Stealth
   821 | D:1      | Found a faded altar of an unknown god.
   829 | D:1      | Reached XP level 3. HP: 17/22 MP: 6/6
  1072 | D:1      | Learned a level 2 spell: Searing Ray
  1075 | D:2      | Reached skill level 1 in Fighting
  1349 | D:2      | Found a sparkling altar of Nemelex Xobeh.
  1392 | D:2      | Reached XP level 4. HP: 28/28 MP: 1/7
  1516 | D:2      | Noticed Sigmund
  1977 | D:2      | Killed Sigmund
  1978 | D:2      | Reached skill level 4 in Stealth
  1978 | D:2      | Reached XP level 5. HP: 20/34 MP: 0/9
  1978 | D:2      | Reached XP level 6. HP: 23/39 MP: 0/10
  2309 | D:3      | Noticed Jessica
  2314 | D:3      | Killed Jessica
  2970 | D:3      | Noticed Terence
  2976 | D:3      | Killed Terence
  3084 | D:3      | Reached skill level 5 in Conjurations
  3157 | D:3      | Reached skill level 5 in Stealth
  3787 | D:4      | Reached XP level 7. HP: 45/45 MP: 2/12
  4386 | D:5      | Entered Level 5 of the Dungeon
  4464 | D:5      | Noticed Menkaure
  4469 | D:5      | Killed Menkaure
  4554 | D:5      | Reached skill level 6 in Stealth
  4753 | D:5      | Reached XP level 8. HP: 53/53 MP: 3/14
  5022 | D:5      | Found a runed translucent door.
  5023 | D:5      | Noticed Crazy Yiuf
  5982 | D:5      | Noticed Pikel
  5989 | D:5      | Killed Pikel
  5990 | D:5      | Reached skill level 5 in Dodging
  5990 | D:5      | Reached skill level 7 in Stealth
  6229 | D:5      | Killed Crazy Yiuf
  6552 | D:6      | Found a staircase to the Ecumenical Temple.
  6557 | D:6      | Reached XP level 9. HP: 59/59 MP: 9/16
  6565 | Temple   | Entered the Ecumenical Temple
  6759 | Temple   | Became a worshipper of Sif Muna the Loreminder
  6838 | D:6      | Reached skill level 5 in Spellcasting
  6922 | D:6      | Noticed a cyclops
  6927 | D:6      | Reached skill level 5 in Fighting
  6938 | D:6      | Hit by a large rock thrown by a cyclops

Illustrated notes

Levels and vault maps discovered:
D:1:      dpeg_arrival_tiny_a, layout_rooms,
          shapermc_ecumenical_altar_mp_ritualfount, minmay_unequal
D:2:      layout_basic, basic_altar, minmay_tiny_reverse_x, uniq_sigmund
D:3:      layout_loops_ring, grunt_decor_mini_mirrors, uniq_terence,
          uniq_jessica
D:4:      layout_basic, kennysheep_generic_room_7
D:5:      layout_loops_ring, uniq_crazy_yiuf_cottage, uniq_menkaure, uniq_pikel
D:6:      layout_loops_ring, minmay_temple_entry_crystal_x,
          minmay_manual_monolith
Temple:   regret_index_temple_chain_breaker

Skill      XL: |  1  2  3  4  5  6  7  8  9 |
---------------+----------------------------+-----
Stealth        | 3 4 5 6 7 |  7.9
Fighting       | 1 2 3 4 5 |  5.0
Dodging        | 3 4 5 |  5.4
Spellcasting   | 3 4 5 |  5.1
Conjurations   | 5 6 |  6.5

Action                   |  1- 3 |  4- 6 |  7- 9 || total
-------------------------+-------+-------+-------++-------
Melee: Unarmed           |    23 |     3 |     2 ||    28
       Tentacles         |     3 |       |       ||     3
       Constrict         |     3 |     1 |       ||     4
 Cast: Magic Dart        |    52 |    47 |    54 ||   153
       Searing Ray       |     4 |    27 |    40 ||    71
  Use: Scroll            |     1 |       |     4 ||     5
Armor: Skin              |     2 |       |       ||     2
Dodge: Dodged            |    15 |     3 |    17 ||    35
